 Dungeon Crawl Stone Soup version 0.18.1-48-g4cf74bf (webtiles) character file.

153788 Heedrag the Devastator (level 17, -5/110 HPs)
             Began as a Deep Elf Conjurer on Aug 15, 2016.
             Was the Champion of Vehumet.
             Slain by an alligator snapping turtle (30 damage)
             ... on level 4 of the Shoals.
             The game lasted 02:55:03 (42688 turns).

Heedrag the Devastator (Deep Elf Conjurer)         Turns: 42688, Time: 02:55:04

Health: -5/110     AC: 17    Str:  9    XL:     17   Next: 5%
Magic:  9/38       EV: 21    Int: 26    God:    Vehumet [******]
Gold:   2150       SH:  0    Dex: 16    Spells: 9 memorised, 2 levels left

rFire  . . .     SeeInvis +     p - +6 falchion of the Goat {slice, rPois}
rCold  + . .     Gourm    .     b - +0 steam dragon armour
rNeg   . . .     Faith    .     (no shield)
rPois  +         Spirit   .     G - +2 hat
rElec  .         Dismiss  .     o - +1 cloak
rCorr  .         Reflect  .     w - +2 pair of gloves
SustAt .         Harm     .     (no boots)
MR     +....                    U - amulet of magic regeneration
Stlth  +++.......               u - ring of stealth
                                v - ring of see invisible

@: very slightly contaminated, regenerating, delayed fireball, somewhat
resistant to hostile enchantments, fairly stealthy
A: rough black scales 1, agile 1, cold resistance 1, robust 1, strong 1, wild
magic 1, MP-powered wands
a: Renounce Religion, Release Delayed Fireball


You were on level 4 of the Shoals.
You worshipped Vehumet.
Vehumet was exalted by your worship.
You were very hungry.

You visited 4 branches of the dungeon, and saw 28 of its levels.
You also visited: Trove.

You collected 2150 gold pieces.

Inventory:

Hand Weapons
 p - the +6 falchion of the Goat (weapon) {slice, rPois}
   (You found it on level 4 of the Lair of Beasts)

   It inflicts extra damage upon your enemies.
   It protects you from poison.
 P - a +5 flail of venom
Armour
 b - a +0 steam dragon armour (worn)
 o - a +1 cloak (worn)
 w - a +2 pair of gloves (worn)
 z - a +2 robe of cold resistance
 G - a +2 hat (worn)
 T - a +0 troll leather armour
 W - a +2 robe of magic resistance
Magical Staves
 h - an uncursed staff of power
 C - an uncursed staff of wizardry
Jewellery
 a - an uncursed ring of protection from cold
 g - an uncursed ring of positive energy
 u - a ring of stealth (right hand)
 v - a ring of see invisible (left hand)
 x - an uncursed amulet of faith {unknown}
 J - an uncursed ring of protection from cold
 N - an uncursed ring of protection from fire
 O - an uncursed ring of sustain attributes
 U - an amulet of magic regeneration (around neck)
Wands
 e - a wand of confusion (16/48)
 l - a wand of flame (32/48)
 B - a wand of teleportation (6/9)
 E - a wand of disintegration (17/24)
 H - a wand of disintegration (14/24)
 Q - a wand of heal wounds (0/9)
 Z - a wand of acid (13/15)
Scrolls
 k - 7 scrolls of remove curse
 m - 5 scrolls of identify
 t - 5 scrolls of magic mapping
 y - 5 scrolls of fear
 F - 6 scrolls of fog
 I - 3 scrolls of blinking
 K - 2 scrolls of teleportation
Potions
 d - 8 potions of heal wounds
 i - 6 potions of resistance
 n - 25 potions of curing
 q - 5 potions of cancellation
 r - a potion of brilliance
 s - 9 potions of haste
 L - 2 potions of ambrosia
 R - 2 potions of magic
Comestibles
 c - 23 bread rations
 f - 21 meat rations
 j - 3 royal jellies
 A - a beef jerky
 D - 15 fruits


   Skills:
 + Level 9.4 Fighting
 + Level 5.8 Armour
 + Level 13.2 Dodging
 - Level 2.4 Stealth
 + Level 15.5 Spellcasting
 * Level 18.4 Conjurations
 - Level 12.1 Charms
 - Level 7.0 Summonings
 - Level 7.0 Necromancy
 - Level 10.0 Fire Magic
 - Level 5.3 Evocations


You had 2 spell levels left.
You knew the following spells:

 Your Spells              Type           Power        Failure   Level  Hunger
a - Magic Dart            Conj           ####         1%          1    None
b - Iskenderun's Mystic   Conj           ########     1%          4    None
c - Iskenderun's Battles  Conj/Chrm      #######.     1%          5    None
d - Bolt of Fire          Conj/Fire      #######...   1%          6    ####...
e - Haste                 Chrm           #######.     4%          6    ####...
f - Spellforged Servitor  Conj/Summ      #######...   5%          7    #####..
g - Regeneration          Chrm/Necr      ######....   1%          3    None
h - Iron Shot             Conj/Erth      ######....   4%          6    ####...
i - Delayed Fireball      Conj/Fire      N/A          3%          7    #####..


Dungeon Overview and Level Annotations

Branches:
Dungeon (15/15)            Temple (0/1) D:7            Lair (8/8) D:8
 Shoals (4/4) Lair:3        Snake (0/4) Lair:5        Slime (0/6) Lair:6
    Orc (0/2) D:12         Vaults (0/5) D:13         Depths (1/5) D:15

Altars:
Ashenzari
Cheibriados
Dithmenos
Elyvilon
Gozag
Makhleb
Nemelex Xobeh
Okawaru
Pakellas
Sif Muna
Trog
Vehumet
Xom
Yredelemnul
The Shining One
Jiyva

Shops:
D:9 [   D:10 (*[[%   D:11 [   Shoals:3 =

Annotations:
Lair:6 1 runed door, exclusion: oklob plant
Shoals:2 Polyphemus
Shoals:4 Ilsuiw


Innate Abilities, Weirdness & Mutations

You are partially covered in rough black scales (AC +4, Dex -1).
You are agile. (Dex +2)
Your flesh is cold resistant.
You are robust (+10% HP).
Your muscles are strong. (Str +2)
Your spells are a little harder to cast, but a little more powerful.
You expend magic power (3 MP) to strengthen your wands.


Message History

Ye swap places.
Tha frost giant casts a spell at ye.
Tha bolt o' cold hits ye!
Ye resist.
* * * LOW HITPOINT WARNIN'
* * * Tha frost giant be 'ngulfed in freezin' vapours.
Tha frost giant gestures at ye while chantin'.
Tha bolt o' cold misses ye.
Tha frost giant casts a spell at ye.
Tha bolt o' cold hits ye!
Ye resist.
* * * LOW HITPOINT WARNIN'
* * * Unknown command.
Evoke which item? (* ta show all) (? fer menu, 'sc ta quit) Zappin':
Q - a wand o' heal wounds {recharged} (will waste charges)
Press: ? - help, Shift-Dir - straight line, f - ye Ye feel much better.
Evokin' 'tis parti'lly-identified wand wasted a few charges.
Yer skill wit' magical items lets ye calculate tha power o' 'tis device... 'tis wand has 0 charges left.
Tha alligator snappin' turtle bites ye from afar!!
Ye die...

≈≈≈≈≈≈≈#######.....(.m.
≈≈≈≈≈≈## .# ..###.......
≈≈≈≈≈≈ ..≈≈ . #.......
≈≈≈≈≈. .#≈ ≈. #......≈
≈≈≈≈≈. #≈. ≈≈ #.....≈≈
≈≈≈≈≈. ..#≈#≈# .....≈≈≈
≈≈≈≈≈.# ...≈≈ ...≈≈≈≈
≈≈≈≈≈..#..# ##...≈≈≈≈
≈≈≈≈≈≈.@# ###.....≈≈≈≈
≈≈≈≈≈≈)*#####.≈.....≈≈≈≈
≈≈≈≈≈≈..t§§(.).....≈≈≈≈≈
≈≈≈≈≈≈......C....≈≈≈≈≈≈≈
≈≈≈≈≈≈.......%...≈≈≈≈≈≈.
≈≈≈≈≈≈..........≈≈≈≈≈≈≈.
≈≈≈≈≈≈≈.........≈≈≈≈≈≈≈.
≈≈≈≈≈≈≈........≈≈≈≈≈≈≈≈.
≈≈≈≈≈≈≈.......≈≈≈≈≈≈≈≈≈.


You could see an alligator snapping turtle and a friendly battlesphere.

Vanquished Creatures
  Kirke (D:12)
  A frost giant (D:12)
  A dire elephant (D:15)
  2 merfolk javelineers
  2 fire dragons
  6 merfolk impalers
  Fannar (Lair:2)
  An ogre mage (D:15)
  10 hydras
  An ice dragon (Lair:8)
  Erolcha (D:7)
  Harold (D:12)
  An alligator snapping turtle (Shoals:1)
  2 merfolk avatars
  2 catoblepae
  4 centaur warriors
  Erica (D:8)
  9 merfolk aquamancers
  2 tengu warriors (D:15)
  12 death yaks
  3 satyrs
  Urug (D:15)
  Sonja (D:14)
  A skeletal warrior (D:13)
  9 sea snakes
  A fire crab (Lair:7)
  3 unseen horrors
  A deep elf archer (D:13)
  A phantasmal warrior (D:11)
  A wizard (D:14)
  Pikel (D:7)
  5 harpies
  4 deep elf magi
  5 hill giants
  An orc knight (D:13)
  A lindwurm (Lair:8)
  A hornet (D:15)
  2 wolf spiders
  6 manticores
  12 fauns
  8 ugly things
  3 cyclopes
  A salamander (D:15)
  8 griffons
  6 elephants (Lair:4)
  4 sirens
  A naga mage (Lair:5)
  5 water nymphs
  8 black mambas
  2 gargoyles (D:14)
  11 spiny frogs
  Psyche (D:10)
  9 torpor snails
  A freezing wraith (D:11)
  6 rime drakes
  11 komodo dragons
  2 kobold demonologists (D:14)
  6 yaktaurs
  7 trolls
  23 merfolk
  7 two-headed ogres
  3 polar bears
  5 snapping turtles
  3 wind drakes
  5 giant leeches (Lair:8)
  Prince Ribbit (D:7)
  20 blink frogs
  11 slime creatures
  A hornet zombie (D:15)
  Sigmund (D:2)
  3 boulder beetles
  5 shadows
  3 wraiths
  2 wyverns
  3 hogs
  75 yaks
  8 water elementals
  A fire bat (shapeshifter) (D:15)
  A vampire (D:15)
  9 basilisks
  3 hungry ghosts
  15 hippogriffs
  2 vampire mosquitoes
  4 steam dragons (Lair:8)
  A soldier ant (D:12)
  3 mottled dragons
  12 water moccasins
  12 porcupines
  8 sky beasts
  2 black bears
  A swamp drake (Lair:8)
  11 orc warriors
  5 wasps
  4 ice beasts
  A necrophage (D:7)
  7 wolves
  A phantom (D:8)
  2 eyes of draining
  9 ogres
  21 crocodiles
  16 centaurs
  7 big kobolds
  24 giant frogs
  3 gnoll sergeants (D:12)
  3 scorpions
  A water moccasin skeleton (D:6)
  17 killer bees
  10 wights
  4 howler monkeys
  An electric eel (Lair:5)
  6 crimson imps
  A lava snake (D:12)
  3 centaur zombies
  A giant frog zombie (D:7)
  7 hounds
  9 centaur skeletons
  3 jellies
  12 orc priests
  6 orc wizards
  Crazy Yiuf (D:7)
  5 giant frog skeletons
  Terence (D:2)
  4 hell rats (Lair:4)
  6 worker ants
  16 iguanas
  15 sheep
  3 hound zombies
  A hound skeleton (D:11)
  A worker ant zombie (D:10)
  12 gnolls
  2 howler monkey skeletons (D:8)
  18 adders
  87 river rats
  4 shadow imps
  An ooze (D:3)
  3 adder skeletons
  21 worms
  2 dart slugs
  5 giant geckos
  70 orcs
  A ball python (D:4)
  11 bats
  4 giant cockroaches
  2 gnoll zombies (D:2)
  5 goblins
  4 hobgoblins
  13 jackals
  6 quokkas
  6 giant newts
  17 kobolds
  10 rats
  A fire vortex (D:12)
  4 fungi
  A plant (Lair:8)
1032 creatures vanquished.

Vanquished Creatures (collateral kills)
  The ghost of ThereIsNoGod the Cleaver, a journeyman MiGl of Makhleb (D:11)
1 creature vanquished.

Vanquished Creatures (others)
  A centaur (D:13)
  A scorpion (D:7)
  A lightning spire (D:7)
  A worm (Lair:8)
  2 bushes
  48 fungi
  70 plants
124 creatures vanquished.

Grand Total: 1157 creatures vanquished

Notes
Turn   | Place    | Note
--------------------------------------------------------------
     0 | D:1      | Heedrag the Deep Elf Conjurer began the quest for the Orb.
     0 | D:1      | Reached XP level 1. HP: 10/10 MP: 6/6
   242 | D:1      | Reached XP level 2. HP: 15/15 MP: 4/8
   468 | D:1      | Reached skill level 5 in Conjurations
   757 | D:2      | Reached XP level 3. HP: 19/19 MP: 10/10
   856 | D:2      | Noticed Sigmund
   911 | D:2      | Found a snail-covered altar of Cheibriados.
  1034 | D:2      | Reached XP level 4. HP: 24/24 MP: 9/12
  1297 | D:2      | Found a basalt altar of Yredelemnul.
  1397 | D:2      | Noticed Terence
  1448 | D:2      | Learned a level 4 spell: Iskenderun's Mystic Blast
  1466 | D:2      | Found a burning altar of Makhleb.
  1469 | D:2      | Reached skill level 6 in Conjurations
  1546 | D:2      | Found a glowing golden altar of the Shining One.
  2297 | D:3      | Reached XP level 5. HP: 10/28 MP: 2/13
  2495 | D:3      | Learned a level 5 spell: Iskenderun's Battlesphere
  3089 | D:3      | Found an oddly glowing altar of Pakellas.
  3288 | D:4      | Reached skill level 5 in Spellcasting
  3288 | D:4      | Reached skill level 1 in Charms
  3523 | D:4      | Found a radiant altar of Vehumet.
  3532 | D:4      | Became a worshipper of Vehumet
  3615 | D:4      | Reached skill level 7 in Conjurations
  3615 | D:4      | Reached XP level 6. HP: 32/32 MP: 9/15
  3884 | D:5      | Entered Level 5 of the Dungeon
  3884 | D:5      | Found a shattered altar of Ashenzari.
  4257 | D:5      | Found a shimmering altar of Xom.
  4512 | D:5      | Reached XP level 7. HP: 36/36 MP: 10/17
  4679 | D:5      | Reached * piety under Vehumet
  4679 | D:5      | Offered knowledge of Sting by Vehumet.
  4908 | D:5      | Found a white marble altar of Elyvilon.
  4908 | D:5      | Found a deep blue altar of Sif Muna.
  4908 | D:5      | Found an iron altar of Okawaru.
  5079 | D:5      | Reached skill level 8 in Conjurations
  5467 | D:6      | Gained mutation: Your muscles are strong. (Str +2) [mutagenic meat]
  5468 | D:6      | Gained mutation: You are clumsy. (Dex -2) [mutagenic meat]
  5469 | D:6      | Gained mutation: You are robust (+10% HP). [mutagenic meat]
  5470 | D:6      | Lost mutation: You are clumsy. (Dex -2) [mutagenic meat]
  5471 | D:6      | Gained mutation: Your spells are a little harder to cast, but a little more powerful. [mutagenic meat]
  6131 | D:6      | Reached skill level 9 in Conjurations
  6131 | D:6      | Reached XP level 8. HP: 44/45 MP: 15/20
  6312 | D:6      | Reached skill level 5 in Charms
  6439 | D:6      | Found a sparkling altar of Nemelex Xobeh.
  6636 | D:2      | Killed Sigmund
  6644 | D:2      | You fall through a shaft!
  6748 | D:2      | Killed Terence
  7010 | D:7      | Found an opulent altar of Gozag.
  7021 | D:7      | Reached skill level 10 in Conjurations
  7534 | D:7      | Reached XP level 9. HP: 49/49 MP: 15/23
  7637 | D:7      | Offered knowledge of Flame Tongue by Vehumet.
  7777 | D:7      | Reached ** piety under Vehumet
  7781 | D:7      | Lost mutation: You are robust (+10% HP). [mutagenic meat]
  7782 | D:7      | Gained mutation: Your flesh is cold resistant. [mutagenic meat]
  7839 | D:7      | Noticed Prince Ribbit
  7843 | D:7      | Killed Prince Ribbit
  7843 | D:7      | Reached skill level 1 in Fighting
  8083 | D:7      | Learned a level 1 spell: Flame Tongue
  8205 | D:7      | Found a staircase to the Ecumenical Temple.
  8236 | D:7      | Reached skill level 11 in Conjurations
  8342 | D:7      | Noticed Pikel
  8348 | D:7      | Killed Pikel
  8348 | D:7      | Reached skill level 1 in Fire Magic
  8404 | D:7      | Got an ancient mace
  8417 | D:7      | Noticed Crazy Yiuf
  8428 | D:7      | Killed Crazy Yiuf
  8435 | D:7      | Identified the cursed +1 mace of Ipazxeq {drain, rElec Dex+4} (You found it on level 7 of the Dungeon)
  8647 | D:7      | Found an oddly glowing altar of Pakellas.
  8648 | D:7      | Noticed a deep elf knight
  8785 | D:8      | Noticed Erica
  8810 | D:8      | Noticed Erolcha
  8955 | D:7      | Killed Erolcha
  8955 | D:7      | Reached XP level 10. HP: 54/54 MP: 15/25
  9089 | D:8      | Reached skill level 5 in Dodging
  9098 | D:8      | Gained mutation: You expend magic power (3 MP) to strengthen your wands. [mutagenic meat]
  9099 | D:8      | Gained mutation: You are partially covered in rough black scales (AC +4, Dex -1). [mutagenic meat]
  9100 | D:8      | Gained mutation: You are robust (+10% HP). [mutagenic meat]
  9101 | D:8      | Gained mutation: You are clumsy. (Dex -2) [mutagenic meat]
  9159 | D:8      | Offered knowledge of Ignite Poison by Vehumet.
  9413 | D:8      | Killed Erica
  9413 | D:8      | Reached skill level 12 in Conjurations
  9446 | D:9      | Reached *** piety under Vehumet
  9817 | D:9      | Reached skill level 10 in Spellcasting
  9824 | D:9      | Offered knowledge of Olgreb's Toxic Radiance by Vehumet.
 10076 | D:8      | Found a staircase to the Lair.
 10166 | D:7      | Reached skill level 10 in Charms
 10234 | D:8      | Reached XP level 11. HP: 66/66 MP: 17/27
 10460 | Lair:1   | Entered Level 1 of the Lair of Beasts
 10460 | Lair:1   | Noticed an eight-headed hydra
 10734 | D:9      | Reached **** piety under Vehumet
 10763 | D:9      | Found Ydghink's Armour Shoppe.
 10816 | D:9      | Offered knowledge of Sticky Flame by Vehumet.
 11427 | Lair:1   | Reached skill level 5 in Fire Magic
 11596 | Lair:1   | Reached ***** piety under Vehumet
 11677 | Lair:1   | Offered knowledge of Freezing Cloud by Vehumet.
 11763 | Lair:1   | Reached skill level 13 in Conjurations
 11804 | Lair:1   | Got a transparent hand axe
 11805 | Lair:1   | Identified the +7 hand axe of Soehig {freeze, Fragile MR+ Dex+5} (You found it on level 1 of the Lair of Beasts)
 11971 | Lair:1   | Killed an eight-headed hydra
 12683 | Lair:2   | Got a spiked chain mail
 12773 | Lair:2   | Identified the +10 chain mail "Kuqes" {rCorr Str-2 Int+4 Dex+3} (You found it on level 2 of the Lair of Beasts)
 12781 | Lair:2   | Found an oddly glowing altar of Pakellas.
 13168 | Lair:2   | Learned a level 6 spell: Haste
 13283 | Lair:2   | Noticed a seven-headed hydra
 13286 | Lair:2   | Killed a seven-headed hydra
 13286 | Lair:2   | Reached XP level 12. HP: 74/74 MP: 18/29
 13416 | Lair:2   | Noticed Fannar
 13422 | Lair:2   | Reached skill level 5 in Fighting
 13428 | Lair:2   | Killed Fannar
 13762 | Lair:2   | Noticed a five-headed hydra
 13767 | Lair:2   | Killed a five-headed hydra
 14130 | Lair:3   | Noticed a death yak
 14130 | Lair:3   | Noticed a death yak
 14307 | D:10     | Entered Level 10 of the Dungeon
 14460 | D:10     | Found Faixken's Food Boutique.
 14632 | D:10     | Found Nulid's Armour Emporium.
 14701 | D:10     | Found Hoipsuju's Assorted Antiques.
 14723 | D:10     | Found Soiqor's Antique Weapon Shop.
 14762 | D:10     | Noticed Psyche
 14769 | D:10     | Killed Psyche
 14784 | D:10     | Reached skill level 14 in Conjurations
 14995 | D:10     | Found Tubues's Armour Shoppe.
 15544 | D:11     | Noticed ThereIsNoGod's ghost (journeyman MiGl)
 15829 | D:11     | Offered knowledge of Spellforged Servitor by Vehumet.
 15925 | D:11     | Found Noivof's Antique Armour Shoppe.
 16733 | D:11     | Noticed a death knight
 16982 | Lair:1   | Learned a level 7 spell: Spellforged Servitor
 17063 | Lair:2   | Killed a death yak
 17288 | Lair:3   | Reached skill level 1 in Summonings
 17442 | Lair:3   | Killed a death yak
 17628 | Lair:3   | Found a staircase to the Shoals.
 18286 | Lair:3   | Reached XP level 13. HP: 81/81 MP: 26/31
 18379 | Lair:4   | Got a pitted falchion
 18380 | Lair:4   | Identified the +6 falchion of the Goat {slice, rPois} (You found it on level 4 of the Lair of Beasts)
 18724 | Lair:4   | Reached skill level 1 in Evocations
 19442 | Lair:4   | Reached skill level 15 in Conjurations
 20321 | Lair:6   | Found a runed door.
 20324 | Lair:6   | Found a viscous altar of Jiyva.
 20324 | Lair:6   | Noticed an azure jelly
 20327 | Lair:6   | Noticed an azure jelly
 20538 | Lair:6   | Noticed an azure jelly
 20539 | Lair:6   | Found a staircase to the Slime Pits.
 21028 | Lair:5   | Found a staircase to the Snake Pit.
 21206 | Lair:5   | Reached skill level 10 in Dodging
 21292 | Lair:5   | Learned a level 3 spell: Regeneration
 21408 | Lair:5   | Offered knowledge of Venom Bolt by Vehumet.
 21708 | Lair:6   | Found a bloodstained altar of Trog.
 22066 | Lair:6   | Reached skill level 1 in Necromancy
 23619 | Lair:7   | Reached XP level 14. HP: 88/88 MP: 22/33
 23959 | Lair:7   | Got an ebony flail
 23960 | Lair:7   | Identified the cursed +0 flail "Yplaest" {crush, rPois Dex+3 Stlth+} (You found it on level 7 of the Lair of Beasts)
 24218 | Lair:8   | Entered Level 8 of the Lair of Beasts
 24433 | Lair:8   | Found a snail-covered altar of Cheibriados.
 24504 | Lair:8   | Offered knowledge of Iron Shot by Vehumet.
 25765 | Lair:8   | Reached skill level 5 in Summonings
 26077 | Lair:8   | Learned a level 6 spell: Iron Shot
 26627 | Lair:8   | Reached skill level 16 in Conjurations
 27528 | D:11     | Killed ThereIsNoGod's ghost
 28043 | D:12     | Noticed Harold
 28052 | D:12     | Killed Harold
 28433 | D:12     | Offered knowledge of Delayed Fireball by Vehumet.
 28611 | D:12     | Reached skill level 5 in Evocations
 28744 | D:12     | Noticed a frost giant
 28892 | D:12     | Found a staircase to the Orcish Mines.
 28900 | D:12     | Reached skill level 5 in Necromancy
 29212 | D:12     | Killed a frost giant
 29216 | D:12     | Noticed Kirke
 29432 | D:12     | Killed Kirke
 29903 | D:13     | Reached skill level 1 in Armour
 30133 | D:13     | Reached XP level 15. HP: 94/94 MP: 22/34
 31157 | D:13     | Learned a level 7 spell: Delayed Fireball
 31370 | D:13     | Found a gate to the Vaults.
 31537 | D:13     | Found a portal to a secret trove of treasure.
 31841 | D:13     | Offered knowledge of Poison Arrow by Vehumet.
 32402 | D:14     | Noticed Sonja
 32404 | D:14     | Killed Sonja
 34001 | D:15     | Entered Level 15 of the Dungeon
 34309 | D:15     | Noticed Urug
 34318 | D:15     | Killed Urug
 34466 | D:15     | Found a shadowy altar of Dithmenos.
 34868 | D:15     | Reached skill level 10 in Fire Magic
 35100 | D:15     | Reached skill level 17 in Conjurations
 35548 | D:13     | You paid a toll of 2 potions of cure mutation to enter a treasure trove
 35549 | Trove    | Entered a treasure trove
 35621 | Trove    | Lost mutation: You are clumsy. (Dex -2) [potion of beneficial mutation]
 35622 | Trove    | Gained mutation: You are agile. (Dex +2) [potion of beneficial mutation]
 36397 | D:15     | Found a staircase to the Depths.
 36680 | Depths:1 | Entered Level 1 of the Depths
 37197 | Lair:8   | Reached ****** piety under Vehumet
 37220 | Lair:8   | Found a runed door.
 37348 | Lair:8   | Reached XP level 16. HP: 103/103 MP: 14/36
 38337 | Shoals:1 | Entered Level 1 of the Shoals
 38386 | Shoals:1 | Offered knowledge of Bolt of Fire by Vehumet.
 39767 | Shoals:3 | Reached skill level 15 in Spellcasting
 39980 | Shoals:2 | Noticed Polyphemus
 40208 | Shoals:2 | Reached skill level 5 in Armour
 40340 | Shoals:2 | Reached skill level 18 in Conjurations
 41177 | Lair:1   | Learned a level 6 spell: Bolt of Fire
 41699 | Shoals:3 | Found Remuav's Jewellery Emporium.
 41818 | Shoals:4 | Entered Level 4 of the Shoals
 42145 | Shoals:4 | Noticed Ilsuiw
 42552 | Shoals:4 | Reached XP level 17. HP: 110/110 MP: 20/38
 42626 | Shoals:4 | Offered knowledge of Fire Storm by Vehumet.
 42626 | Shoals:4 | Offered knowledge of Chain Lightning by Vehumet.
 42626 | Shoals:4 | Offered knowledge of Tornado by Vehumet.
 42686 | Shoals:4 | HP: 2/110 [frost giant/bolt of cold (22)]
 42688 | Shoals:4 | Slain by an alligator snapping turtle

Skill      XL: |  1  2  3  4  5  6  7  8  9 10 11 12 13 14 15 16 |
---------------+-------------------------------------------------+-----
Conjurations   | 5 6 7 9 10 11 12 13 14 15 16 17 18 | 18.4
Spellcasting   | 4 5 6 8 9 10 11 12 13 14 15 | 15.5
Charms         | 1 3 4 7 8 10 11 12 | 12.1
Dodging        | 4 6 8 9 10 11 12 13 | 13.2
Fighting       | 2 3 4 6 7 8 9 |  9.4
Fire Magic     | 2 4 6 7 8 9 10 | 10.0
Summonings     | 1 4 6 7 |  7.0
Evocations     | 3 5 |  5.3
Necromancy     | 2 5 7 |  7.0
Armour         | 1 3 5 |  5.8
Stealth        | |  2.4

Action                   |  1- 3 |  4- 6 |  7- 9 | 10-12 | 13-15 | 16-18 || total
-------------------------+-------+-------+-------+-------+-------+-------++-------
Melee: Short sword       |    30 |    30 |    13 |     8 |       |       ||    81
       Flail             |       |       |       |    22 |    17 |    19 ||    58
       Falchion          |       |       |       |       |   140 |    61 ||   201
 Cast: Magic Dart        |    49 |   173 |   214 |   492 |   758 |   212 ||  1898
       Iskenderun's Batt |       |       |    31 |    86 |   181 |    69 ||   367
       Iskenderun's Myst |       |       |    14 |    83 |   346 |   194 ||   637
       Flame Tongue      |       |       |     1 |     2 |    10 |     1 ||    14
       Haste             |       |       |       |     4 |    38 |    14 ||    56
       Regeneration      |       |       |       |       |    17 |    21 ||    38
       Iron Shot         |       |       |       |       |     8 |    19 ||    27
       Spellforged Servi |       |       |       |       |     2 |       ||     2
       Delayed Fireball  |       |       |       |       |     1 |       ||     1
Evoke: Wand              |       |       |       |     1 |     1 |     1 ||     3
  Use: Scroll            |       |       |     1 |    28 |    23 |     7 ||    59
       Potion            |       |       |       |       |     3 |       ||     3
 Stab: Sleeping          |     2 |     1 |       |       |       |       ||     3
  Eat: Chunk             |       |    11 |    26 |    44 |    77 |    23 ||   181
       Beef jerky        |       |       |     2 |       |     3 |       ||     5
       Pizza             |       |       |       |     2 |     4 |       ||     6
       Fruit             |       |       |       |       |     1 |     1 ||     2
       Meat ration       |       |       |       |       |     1 |     1 ||     2
Armor: Robe              |     4 |    18 |    20 |    44 |    24 |       ||   110
       Steam dragon armo |       |       |       |       |    67 |    62 ||   129
Dodge: Dodged            |    28 |    36 |    44 |   109 |   322 |   211 ||   750
Block: Other             |       |       |       |    32 |    61 |       ||    93
       Reflection        |       |       |       |     1 |     8 |       ||     9
